 Dungeon Crawl Stone Soup version 0.21-a0-1-gaf3b9a5 (webtiles) character file.

17798 mopl the Covert (level 12, 0/68 HPs)
             Began as a Deep Elf Assassin on May 20, 2017.
             Was a Priest of Kikubaaqudgha.
             Slain by a death yak (17 damage)
             ... on level 4 of the Lair of Beasts.
             The game lasted 00:58:30 (19256 turns).

mopl the Covert (Deep Elf Assassin)                Turns: 19256, Time: 00:58:30

Health: 0/68       AC:  9    Str:  8    XL:     12   Next: 22%
Magic:  6/19       EV: 24    Int: 23    God:    Kikubaaqudgha [***...]
Gold:   1109       SH:  0    Dex: 20    Spells: 4/18 levels left

rFire    . . .     SeeInvis .   a - +3 dagger (pain)
rCold    . . .     Gourm    .   (no shield)
rNeg     . . .     Faith    .   c - +0 robe
rPois    .         Spirit   .   x - +0 helmet
rElec    .         Reflect  .   h - +2 cloak
rCorr    .         Harm     .   j - +1 pair of gloves
MR       +....                  N - +0 pair of boots
Stlth    ++++++....             U - amulet of rage
Regen    0.3/turn               R - +3 ring of evasion
MPRegen  0.2/turn               p - +4 ring of evasion

@: brilliant
A: no striking features
a: Receive Corpses, Renounce Religion, Evoke Berserk Rage


You were on level 4 of the Lair of Beasts.
You worshipped Kikubaaqudgha.
Kikubaaqudgha was most pleased with you.
You were near starving.

You visited 3 branches of the dungeon, and saw 15 of its levels.
You also visited: Sewer and Ossuary.

You collected 1128 gold pieces.
You spent 19 gold pieces at shops.

Inventory:

Hand Weapons
 a - a +3 dagger of pain (weapon)
 b - a +0 blowgun
 S - a +1 dagger of holy wrath
Missiles
 e - 69 poisoned needles
 f - 13 curare-tipped needles
 B - 3 needles of sleeping
 V - 7 tomahawks (quivered)
 Z - 7 poisoned tomahawks
Armour
 c - a +0 robe (worn)
 h - a +2 cloak (worn)
 j - a +1 pair of gloves (worn)
 x - a +0 helmet (worn)
 N - a +0 pair of boots (worn)
Jewellery
 p - a +4 ring of evasion (right hand)
 R - a +3 ring of evasion (left hand)
 U - an amulet of rage (around neck)
Wands
 d - a wand of flame (9/48)
 m - a wand of confusion (22/48)
 F - a wand of paralysis (0/24)
 J - a wand of polymorph (7/24)
 T - a wand of lightning (0/15)
Scrolls
 k - 6 scrolls of remove curse
 r - a scroll of fog
 s - a scroll of fear
 t - a scroll of random uselessness {unknown}
 u - a scroll of magic mapping
 v - a scroll of summoning {unknown}
 z - 4 scrolls of teleportation
 D - 2 scrolls of recharging {unknown}
Potions
 l - a potion of berserk rage {!q}
 n - 2 potions of lignification {!q}
 o - 2 potions of flight
 q - 3 potions of heal wounds
 w - 3 potions of curing
 A - 2 potions of ambrosia
 E - 4 potions of magic
 G - a potion of resistance {unknown}
 K - 2 potions of haste {unknown}
 L - 5 potions of brilliance
 O - a potion of cancellation
 P - a potion of might
Miscellaneous
 M - a sack of spiders
Comestibles
 g - 9 bread rations
 i - 4 chunks of flesh
 C - a meat ration


   Skills:
 + Level 5.3 Fighting
 + Level 8.0 Short Blades
 + Level 7.5 Throwing
 + Level 7.0 Dodging
 * Level 14.3 Stealth
 + Level 3.9 Spellcasting
 + Level 4.0 Hexes
 * Level 9.1 Necromancy
 - Level 6.1 Evocations


You had 4 spell levels left.
You knew the following spells:

 Your Spells              Type           Power        Failure   Level  Hunger
a - Confuse               Hex            #####...     1%          3    ##.....
c - Corpse Rot            Necr           N/A          1%          2    #......
d - Dispel Undead         Necr           ######..     1%          5    ######.
r - Regeneration          Chrm/Necr      #####.....   1%          3    ##.....
x - Animate Skeleton      Necr           N/A          1%          1    None


Dungeon Overview and Level Annotations

Branches:
Dungeon (10/15)            Temple (1/1) D:7            Lair (4/6) D:8
  Swamp (0/4) Lair:3        Snake (0/4) Lair:2
    Orc: D:9-12

Altars:
Ashenzari
Elyvilon
Gozag
Hepliaklqana
Kikubaaqudgha
Makhleb
Nemelex Xobeh
Qazlal
Ru
Sif Muna
Trog
Uskayaw
Vehumet
Wu Jian
Xom
The Shining One

Shops:
D:4 (

Annotations:
Lair:2 grindst0ne's ghost, journeyman TrMo


Message History

Your five-headed hydra skeleton bites the death yak but does no damage.
Your five-headed hydra skeleton barely misses the death yak.
Your five-headed hydra skeleton bites the death yak!
Your five-headed hydra skeleton bites the death yak but does no damage. x2
Unknown command.
Your five-headed hydra skeleton bites the black mamba!
Your five-headed hydra skeleton barely misses the black mamba. x2
Your five-headed hydra skeleton bites the black mamba.
The black mamba dies!
Kikubaaqudgha accepts your kill.
Your Dodging skill increases to level 7!
Your Hexes skill increases to level 4!
Casting: Animate Skeleton
Confirm with . or Enter, or press ? or * to list all spells.
You smell decay.
The plant is engulfed in dark miasma.
The plant is poisoned.
The death yak is engulfed in dark miasma.
The death yak is poisoned.
The death yak seems to slow down.
The death yak gores you!
You die...
Kikubaaqudgha rasps: "You have failed me!
Welcome... death!"

# ## ###...P### # ### ####.#
P#..#.....# # ###.##+#P...#
#.(........# ####>..........#
#.#.........##
##.+...........#####........#.#
...#...........P# #....Z.....##
+.P............#####.........#
#........Y...Y##..##........##
###P.....YY..§%Y@P#..........#
# ##........Z§P#............##
#..........####.#........#
#.##P#.###.## ####.####### ##
##### ### ###


You could see 5 death yaks and a friendly five-headed hydra skeleton.

Vanquished Creatures
  3 hydras
  2 two-headed ogres
  Nergalle (Lair:2)
  Pikel (D:7)
  An elephant (D:8)
  Psyche (D:8)
  A black mamba (Lair:3)
  3 spiny frogs
  2 komodo dragons
  The ghost of anet the Magician, a novice DEWz (D:5)
  4 trolls
  A polar bear (Lair:4)
  2 hippogriffs
  Sigmund (D:6)
  A wyvern (Lair:4)
  14 yaks
  3 basilisks
  Edmund (D:5)
  A naga (Lair:2)
  3 water moccasins
  3 sky beasts
  4 orc warriors
  6 porcupines
  A slave (D:7)
  A necrophage (D:6)
  2 ogres
  2 phantoms
  A black bear (D:6)
  3 centaurs
  7 crocodiles
  8 big kobolds
  The ghost of mopl the Sneak, an amateur DEAs (D:3)
  8 bullfrogs
  2 water moccasin zombies (Ossuary)
  5 scorpions
  3 killer bees (D:8)
  6 howler monkeys
  5 crimson imps
  A bullfrog zombie (D:9)
  2 hounds
  7 orc priests
  12 orc wizards
  A jelly (D:6)
  2 centaur skeletons (D:6)
  A bullfrog skeleton (D:7)
  2 iguanas
  9 worker ants
  A killer bee zombie (D:9)
  3 big kobold zombies (Ossuary)
  2 mummies (Ossuary)
  The ghost of murphy the Digger, a weakling DEEE (D:4)
  2 hound skeletons
  A worker ant zombie (D:5)
  15 adders
  4 river rats
  2 shadow imps
  6 oozes
  5 adder zombies
  9 worms
  2 dart slugs
  7 leopard geckos
  36 orcs
  8 bats
  8 giant cockroaches
  3 gnoll zombies (Ossuary)
  6 goblins
  4 hobgoblins
  11 jackals
  3 quokkas
  7 ball pythons
  5 frilled lizards
  5 hobgoblin zombies (Ossuary)
  26 kobolds
  7 kobold zombies (Ossuary)
  An orc zombie (Ossuary)
  2 quokka skeletons
  8 rats
  A fungus (Lair:4)
353 creatures vanquished.

Vanquished Creatures (collateral kills)
  A black mamba (Lair:4)
  A troll (D:10)
  3 yaks (Lair:2)
  A porcupine (Lair:4)
  An orc (D:10)
7 creatures vanquished.

Vanquished Creatures (others)
  A slave (D:7)
  A sky beast (D:7)
  A centaur (D:7)
  A crimson imp (D:10)
  An orc priest (D:7)
  An orc wizard (D:7)
6 creatures vanquished.

Grand Total: 366 creatures vanquished

Notes
Turn   | Place    | Note
-------+----------+-------------------------------------------
     0 | D:1      | mopl the Deep Elf Assassin began the quest for the Orb.
     0 | D:1      | Reached XP level 1. HP: 12/12 MP: 3/3
    35 | D:1      | Reached skill level 5 in Stealth
   108 | D:1      | Reached XP level 2. HP: 16/16 MP: 4/4
   721 | D:1      | Reached XP level 3. HP: 17/20 MP: 5/5
  1018 | D:2      | Found a stormy altar of Qazlal.
  1577 | D:3      | Reached skill level 6 in Stealth
  1610 | D:3      | Noticed mopl's ghost (amateur DEAs)
  1917 | D:3      | Reached XP level 4. HP: 20/25 MP: 6/6
  1975 | D:3      | Reached skill level 3 in Short Blades
  2452 | D:3      | Reached skill level 3 in Throwing
  2920 | D:4      | Noticed murphy's ghost (weakling DEEE)
  2933 | D:4      | Found Weguipp's Weapon Emporium.
  2941 | D:4      | Bought 3 needles of sleeping for 19 gold pieces
  3049 | D:4      | Reached XP level 5. HP: 27/29 MP: 7/7
  3107 | D:4      | Found a burning altar of Makhleb.
  3107 | D:4      | Found a shattered altar of Ashenzari.
  3107 | D:4      | Found an ornate altar of the Wu Jian Council.
  3131 | D:4      | Became a worshipper of Ashenzari the Shackled
  3276 | D:4      | Fell from the grace of Ashenzari
  3350 | D:4      | Found a glowing drain.
  3378 | Sewer    | Entered a sewer
  3414 | Sewer    | Reached skill level 7 in Stealth
  3414 | Sewer    | Reached XP level 6. HP: 25/34 MP: 8/8
  3646 | Sewer    | Reached skill level 4 in Short Blades
  3646 | Sewer    | Reached skill level 8 in Stealth
  3746 | Sewer    | Was forgiven by Ashenzari
  3812 | Sewer    | Reached skill level 4 in Throwing
  3869 | Sewer    | Reached XP level 7. HP: 14/38 MP: 9/9
  4475 | Sewer    | Reached skill level 9 in Stealth
  4745 | D:4      | Found a sparkling altar of Nemelex Xobeh.
  4997 | D:4      | Found a radiant altar of Vehumet.
  5116 | D:5      | Entered Level 5 of the Dungeon
  5224 | D:5      | Noticed anet's ghost (novice DEWz)
  5533 | D:5      | Reached skill level 5 in Short Blades
  5662 | D:5      | Reached XP level 8. HP: 43/43 MP: 10/10
  5813 | D:5      | Reached skill level 10 in Stealth
  5855 | D:5      | Noticed Edmund
  5883 | D:5      | Killed Edmund
  6147 | D:5      | Found a sacrificial altar of Ru.
  6154 | D:5      | Reached skill level 5 in Throwing
  6564 | D:5      | Found an opulent altar of Gozag.
  6813 | D:6      | Noticed Sigmund
  6828 | D:6      | Killed Sigmund
  6828 | D:6      | Reached skill level 2 in Fighting
  6828 | D:6      | Reached skill level 2 in Dodging
  6828 | D:6      | Reached skill level 1 in Evocations
  7215 | D:6      | Found a bloodstained altar of Trog.
  8152 | D:6      | Reached skill level 11 in Stealth
  8310 | D:6      | Reached skill level 2 in Evocations
  8393 | D:7      | Found a staircase to the Ecumenical Temple.
  8405 | D:7      | Reached skill level 3 in Dodging
  8420 | Temple   | Entered the Ecumenical Temple
  8429 | Temple   | Became a worshipper of Kikubaaqudgha
  8557 | D:7      | Reached XP level 9. HP: 49/49 MP: 12/12
  8689 | D:7      | Noticed Pikel
  8771 | D:7      | Killed Pikel
  8771 | D:7      | Reached skill level 6 in Short Blades
  8771 | D:7      | Reached skill level 2 in Necromancy
  9486 | D:7      | Reached skill level 3 in Necromancy
  9901 | D:7      | Reached skill level 3 in Evocations
  9958 | D:7      | Reached skill level 3 in Fighting
 10192 | D:8      | Reached skill level 4 in Dodging
 10226 | D:8      | Noticed an elephant
 10227 | D:8      | Found a staircase to the Lair.
 10324 | D:8      | Found a sand-covered staircase.
 10354 | Ossuary  | Entered an ossuary
 10435 | Ossuary  | Reached * piety under Kikubaaqudgha
 10435 | Ossuary  | Identified Kikubaaqudgha's Tome of Darkness (Kikubaaqudgha gifted it to you in an ossuary)
 10435 | Ossuary  | Received a gift from Kikubaaqudgha
 10467 | Ossuary  | Reached skill level 4 in Necromancy
 10474 | Ossuary  | Learned a level 1 spell: Animate Skeleton
 10477 | Ossuary  | Learned a level 2 spell: Corpse Rot
 10481 | Ossuary  | Learned a level 3 spell: Regeneration
 11175 | D:8      | Noticed Psyche
 11194 | D:8      | Killed Psyche
 11194 | D:8      | Reached skill level 6 in Throwing
 11194 | D:8      | Reached skill level 12 in Stealth
 11311 | D:8      | Reached XP level 10. HP: 56/56 MP: 14/14
 11418 | D:8      | Reached skill level 5 in Necromancy
 12005 | D:8      | Killed an elephant
 12424 | D:8      | Found a shimmering altar of Xom.
 12424 | D:8      | Found a white marble altar of Elyvilon.
 12447 | D:8      | Reached ** piety under Kikubaaqudgha
 12793 | Lair:1   | Entered Level 1 of the Lair of Beasts
 12910 | D:9      | Reached skill level 4 in Evocations
 13151 | D:9      | Noticed a two-headed ogre
 13189 | D:9      | Killed a two-headed ogre
 13189 | D:9      | Reached skill level 4 in Fighting
 13189 | D:9      | Reached skill level 7 in Short Blades
 13189 | D:9      | Reached skill level 5 in Dodging
 13189 | D:9      | Reached skill level 6 in Necromancy
 13928 | D:10     | Entered Level 10 of the Dungeon
 13992 | D:10     | Reached skill level 7 in Necromancy
 14020 | D:10     | Reached skill level 13 in Stealth
 14098 | D:10     | Reached XP level 11. HP: 62/62 MP: 13/16
 14164 | D:10     | Noticed a two-headed ogre
 14189 | D:10     | Killed a two-headed ogre
 14239 | D:10     | Learned a level 3 spell: Confuse
 14325 | D:10     | Reached skill level 5 in Evocations
 14917 | Lair:1   | Reached *** piety under Kikubaaqudgha
 14917 | Lair:1   | Identified Kikubaaqudgha's Catalogue of Evil (Kikubaaqudgha gifted it to you on level 1 of the Lair of Beasts)
 14917 | Lair:1   | Received a gift from Kikubaaqudgha
 14917 | Lair:1   | Reached skill level 7 in Throwing
 14917 | Lair:1   | Reached skill level 1 in Hexes
 14957 | Lair:1   | Reached skill level 1 in Spellcasting
 14989 | Lair:1   | Reached skill level 6 in Dodging
 15116 | Lair:1   | Noticed a four-headed hydra
 15122 | Lair:1   | Killed a four-headed hydra
 15615 | Lair:2   | Noticed Nergalle
 15638 | Lair:2   | Killed Nergalle
 15638 | Lair:2   | Reached skill level 2 in Spellcasting
 15638 | Lair:2   | Reached skill level 2 in Hexes
 15702 | Lair:2   | Reached skill level 8 in Necromancy
 15784 | Lair:2   | Noticed a seven-headed hydra
 15830 | Lair:2   | Killed a seven-headed hydra
 15908 | Lair:2   | Found a staircase to the Snake Pit.
 16096 | Lair:2   | Reached skill level 5 in Fighting
 16369 | Lair:2   | Noticed grindst0ne's ghost (journeyman TrMo)
 16378 | Lair:2   | Learned a level 5 spell: Dispel Undead
 16970 | D:3      | Killed mopl's ghost
 16970 | D:3      | Reached skill level 6 in Evocations
 17325 | D:4      | Killed murphy's ghost
 17356 | D:5      | Killed anet's ghost
 17356 | D:5      | Reached skill level 3 in Spellcasting
 17962 | Lair:3   | Reached skill level 3 in Hexes
 17988 | Lair:3   | Reached skill level 14 in Stealth
 18223 | Lair:3   | Reached XP level 12. HP: 68/68 MP: 18/18
 18367 | Lair:3   | Found a staircase to the Swamp.
 18465 | Lair:3   | Reached **** piety under Kikubaaqudgha
 18872 | Lair:4   | Reached skill level 9 in Necromancy
 18906 | Lair:4   | Noticed a six-headed hydra
 18939 | Lair:4   | HP: 3/68 [six-headed hydra (13)]
 18952 | Lair:4   | HP: 3/68 [six-headed hydra (3)]
 18955 | Lair:4   | Killed a six-headed hydra
 18955 | Lair:4   | Reached skill level 8 in Short Blades
 19205 | Lair:4   | Noticed a death yak
 19208 | Lair:4   | Noticed a death yak
 19211 | Lair:4   | Noticed a death yak
 19211 | Lair:4   | Noticed a death yak
 19213 | Lair:4   | Noticed a death yak
 19228 | Lair:4   | HP: 3/68 [death yak (22)]
 19255 | Lair:4   | Reached skill level 7 in Dodging
 19255 | Lair:4   | Reached skill level 4 in Hexes
 19256 | Lair:4   | Slain by a death yak

Vault maps used:
D:1:      dpeg_arrival_windows_large_door
D:2:      first_bread, nicolae_qazlal_general_emergency
D:4:      old_standard_altar, nemelex_xobeh_ov_fountains_minmay,
          gammafunk_temple_overflow_claw, serial_shops, shop,
          portal_sewer_entry_e
D:5:      nicolae_overflow_crystal_walls, grunt_gozag_breadcrumbs, uniq_edmund
D:6:      lightli_temple_of_fire, uniq_sigmund
D:7:      temple_green, uniq_pikel
D:8:      gammafunk_temple_overflow_elements, david_lair_generic,
          nicolae_ossuary_entry_false_entrances, uniq_psyche
D:10:     minmay_goldmine
Temple:   dshaligram_water_room_temple
Lair:1:   grunt_megastairs_2
Lair:2:   guppyfry_snake_entry_garden, grunt_megastairs_1, uniq_nergalle
Lair:3:   swamp_mist
Lair:4:   patterned_corridor
Sewer:    sewer_co_tree
Ossuary:  ossuary_tomb_2

Skill      XL: |  1  2  3  4  5  6  7  8  9 10 11 12 |
---------------+-------------------------------------+-----
Stealth        | 5 6 7 8 9 11 12 13 14 | 14.3
Short Blades   | 3 4 5 6 7 8 |  8.0
Throwing       | 3 4 5 6 7 |  7.5
Fighting       | 2 3 4 5 |  5.3
Dodging        | 3 4 5 6 7 |  7.0
Evocations     | 2 3 4 6 |  6.1
Necromancy     | 4 7 8 9 |  9.1
Hexes          | 3 4 |  4.0
Spellcasting   | 3 |  3.9

Action                   |  1- 3 |  4- 6 |  7- 9 | 10-12 || total
-------------------------+-------+-------+-------+-------++-------
Melee: Dagger            |    93 |   117 |   618 |   561 ||  1389
 Fire: Blowgun           |    47 |   134 |   158 |    70 ||   409
Throw: Tomahawk          |       |       |    42 |    20 ||    62
 Cast: Regeneration      |       |       |     7 |    30 ||    37
       Animate Skeleton  |       |       |       |    20 ||    20
       Corpse Rot        |       |       |       |    16 ||    16
       Dispel Undead     |       |       |       |     4 ||     4
       Confuse           |       |       |       |     1 ||     1
Invok: Renounce Religion |       |     1 |       |       ||     1
       Receive Corpses   |       |       |       |     8 ||     8
Evoke: Wand              |       |       |     6 |     1 ||     7
  Use: Scroll            |     1 |       |    14 |    11 ||    26
       Potion            |       |       |       |     4 ||     4
 Stab: Sleeping          |     9 |     3 |    24 |    25 ||    61
       Distracted        |       |       |     2 |     5 ||     7
       Paralysed         |       |       |     2 |     1 ||     3
       Confused          |       |       |       |     1 ||     1
  Eat: Chunk             |     3 |     4 |    21 |    25 ||    53
       Royal jelly       |       |     1 |     2 |     2 ||     5
       Fruit             |       |       |     1 |     6 ||     7
Armor: Robe              |    33 |    39 |   103 |    54 ||   229
Dodge: Dodged            |    73 |    76 |   324 |   371 ||   844
